 Dungeon Crawl Stone Soup version 0.31-a0-819-gf6de2f5ab6 (webtiles) character file.

Game seed: 9780419999941233359

149 zero the Trooper (level 5, -2/43 HPs)
             Began as a Djinni Gladiator on Sept 23, 2023.
             Was a Follower of the Shining One.
             Killed from afar by Sigmund (9 damage)
             ... with a magic dart
             ... on level 3 of the Dungeon.
             The game lasted 00:01:41 (2002 turns).

zero the Trooper (Djinni Gladiator)                 Turns: 2002, Time: 00:01:42

Health: -2/43      AC:  4    Str: 13    XL:     5   Next: 57%
Gold:   88         EV: 12    Int: 10    God:    the Shining One [*.....] SH:  0 Dex: 16

rFire   + + .        a - +0 long sword
rCold   x . .        (no shield)
rNeg    . . .        b - +0 leather armour
rPois   ∞            c - +0 helmet
rElec   .            (no cloak)
rCorr   .            (no gloves)
SInv    .            (boots unavailable)
Will    .....        (no amulet)
Stlth   +            (no ring)
HPRegen 0.27/turn    (no ring)
MPRegen 0.00/turn

%: infuse magic (-3 HP)
@: flying, glowing
A: sickness immunity, fire resistance 2, cold vulnerability 1, float, innate
caster, HP casting, extra vitality 1
a: Renounce Religion, Divine Shield


You were on level 3 of the Dungeon.
You worshipped the Shining One.
The Shining One was aware of your devotion.
You visited 1 branch of the dungeon, and saw 3 of its levels.

You collected 88 gold pieces.

Inventory:

Hand Weapons
 a - a +0 long sword (weapon)
Missiles
 d - 3 throwing nets (quivered)
 e - a javelin
Armour
 b - a +0 leather armour (worn)
 c - a +0 helmet (worn)
Jewellery
 o - a +6 ring of dexterity
Scrolls
 f - 2 scrolls of amnesia {unknown}
 h - a scroll of vulnerability {unknown}
 i - a scroll of noise {unknown}
 j - 2 scrolls of summoning {unknown}
 k - 2 scrolls of teleportation {unknown}
 n - 2 scrolls of identify {unknown}
Potions
 g - 2 potions of resistance {unknown}
 l - a potion of lignification {unknown}
 m - a potion of heal wounds {unknown}


   Skills:
 + Level 5.2 Fighting
 - Level 2.6 Long Blades
 - Level 1.5 Throwing
 - Level 3.2 Dodging
 - Level 1.0 Invocations


You knew the following spells:

 Your Spells              Type           Power      Damage    Failure   Level
a - Sandblast             Erth           0%         2d4       43%         1
v - Poisonous Vapours     Pois/Air       0%         N/A       58%         2
Your spell library was empty.

Dungeon Overview and Level Annotations

Branches:
Dungeon (3/15)

Altars:
The Shining One

Annotations:
D:3 Sigmund


Innate Abilities, Weirdness & Mutations

You are immune to sickness and miasma.
You are immune to poison.
Your flesh is very heat resistant. (rF++)
You are vulnerable to cold. (rC-)
You float through the air rather than walking.
You learn spells naturally, not from books.
Your magical power is your life essence.
You have superior vitality. (+4 MHP)


Message History

The orc wizard hits you with a +0 dagger.
You hit the orc wizard.
You kill the orc wizard!
Reactivating autopickup.
The dart slug barely misses you.
Your Fighting skill increases to level 5!
The dart slug barely misses you.
Items here: ))) [[.
A dart slug is nearby!
A dart slug is nearby!
You hit the dart slug but do no damage.
The dart slug is heavily wounded.
The dart slug barely misses you.
You slash the dart slug!
You kill the dart slug!
You see here a dart slug corpse.
You see here a rat corpse.
You start resting.
You start resting.
Sigmund is nearby!
Sigmund shouts!
Sigmund hits you from afar with a +3 scythe of protection!
Found a stone staircase leading down.
Sigmund hits you with a +3 scythe of protection!
You closely miss Sigmund.
Sigmund hits you with a +3 scythe of protection!
* * * LOW HITPOINT WARNING * * *
You barely miss Sigmund. You hit Sigmund but do no damage.
Sigmund closely misses you.
You hit Sigmund.
Sigmund is moderately wounded.
Sigmund hits you with a +3 scythe of protection.
* * * LOW HITPOINT WARNING * * *
You hit Sigmund.
Sigmund is moderately wounded.
Sigmund screams, "Only death can liberate you!"
Sigmund casts a spell at you. The magic dart hits you!
You die...
Sigmund begins carving another notch in his scythe.

....).#.# #..###
.........## ...#
###..#~~≈.~.. ..#
#~~.#~.~.~.[#...##
.####~.~#~?~#~~......
......~.♣~♣~.~......# #
.....~.≈.≈#~..~.##..#.##.
......≈.♣~.~~~~...@......
.......~~.~.~~~..@.......
.....~#.~~~†.~~..#####..>
...†..##.~.♣~≈~.##
#...<.~.~≈†..#
#..###....)†..# #...##
###..))..# #...
#..?........ #...
....####...#### #... ####
≈~~~≈≈


You could see Sigmund.

Vanquished Creatures
  A hound (D:3)
  An orc priest (D:3)
  An orc wizard (D:3)
  2 adders (D:2)
  A worm (D:2)
  2 dart slugs
  4 orcs
  2 endoplasms
  A giant cockroach (D:2)
  5 hobgoblins
  5 kobolds
  A quokka (D:2)
  4 ball pythons
  2 bats
  3 frilled lizards
  3 goblins
  2 rats
40 creatures vanquished.

Notes
Turn   | Place    | Note
-------+----------+-------------------------------------------
     0 | D:1      | zero the Djinni Gladiator began the quest for the Orb.
     0 | D:1      | Reached XP level 1. HP: 18/18 MP: 0/0
   486 | D:1      | Reached XP level 2. HP: 24/24 MP: 0/0
   598 | D:1      | Found a faded altar of an unknown god.
   604 | D:1      | Prayed at the altar of an unknown god.
   604 | D:1      | Became a worshipper of the Shining One
   604 | D:1      | Reached * piety under the Shining One
   668 | D:2      | Reached skill level 3 in Fighting
   671 | D:2      | Reached XP level 3. HP: 27/30 MP: 0/0
   671 | D:2      | Learned a level 1 spell: Sandblast
   744 | D:2      | Reached skill level 1 in Invocations
  1467 | D:3      | Reached XP level 4. HP: 37/37 MP: 0/0
  1536 | D:3      | Reached skill level 4 in Fighting
  1586 | D:3      | Noticed Sigmund
  1890 | D:3      | Reached XP level 5. HP: 28/42 MP: 0/0
  1890 | D:3      | Learned a level 2 spell: Poisonous Vapours
  1903 | D:3      | Reached skill level 5 in Fighting
  2002 | D:3      | Killed from afar by Sigmund

Illustrated notes

Levels and vault maps discovered:
D:1:      dpeg_arrival_simpleton_b, layout_loops_cross,
          chequers_ecumenical_altar_twisty, supply_closet_lemuel
D:2:      layout_basic, due_unseen_surprise
D:3:      layout_rooms, serial_rivers, chequers_serial_rivers_small_a,
          chequers_serial_rivers_marsh, chequers_serial_rivers_small_3,
          chequers_serial_rivers_large_b, chequers_serial_rivers_small_b,
          chequers_serial_rivers_micro_a, uniq_sigmund

Skill      XL: |  1  2  3  4  5 |
---------------+----------------+-----
Fighting       | 3 4 5 |  5.2
Invocations    | 1 |  1.0
Long Blades    | |  2.6
Throwing       | |  1.5
Dodging        | |  3.2

Action                     |  1- 3 |  4- 6 || total
---------------------------+-------+-------++-------
  Melee: Long sword        |    58 |    43 ||   101
         Punch             |     1 |       ||     1
   Stab: Sleeping          |     1 |       ||     1
 Armour: Leather armour    |    29 |    32 ||    61
  Dodge: Dodged            |    34 |    39 ||    73

Table legend: (Time is in decaauts)
 A = Elapsed time spent in this place.
 B = Non-inter-level travel time spent in this place.
 C = Inter-level travel time spent in this place.
 D = Time resting spent in this place.
 E = Time spent auto-exploring this place.
 F = Levels seen in this place.
 G = Mean time per level.
                   A        B        C        D        E       F      G
               +--------+--------+--------+--------+--------+-----+--------+
         Total |   2028 |   1947 |     81 |    304 |   1348 |   3 |  676.0 |
       Dungeon |   2028 |   1947 |     81 |    304 |   1348 |   3 |  676.0 |
               +--------+--------+--------+--------+--------+-----+--------+

Top non-repeatable levels by time:
     D:2: 1091 daAuts
     D:1: 638 daAuts
     D:3: 297 daAuts
